Predators vs Maple Leafs

Created - January 14, 2024 at 00:00

Goals
1 2 3 T
Predators 3 1 1 5
Maple Leafs 2 0 0 2
Shots
1 2 3 T
Predators 10 13 16 39
Maple Leafs 6 14 3 23

1st period

1. Predators , Claude Giroux 17 (Mikael Granlund 13, Jack Eichel 18) at 7:54
2. Predators , Reilly Smith 7 (Ryan Mcdonagh 18) at 9:38
3. Maple Leafs , Elias Pettersson 7 (Evander Kane 18, Jon Merrill 9) at 9:46
4. Predators , Nicolas Kerdiles 5 (Joel Armia 6, Jaden Schwartz 16) at 17:22
5. Maple Leafs , Andre Burakovsky 14 (Bo Horvat 21) at 18:15

Penalties :
Brenden Dillon (TOR) for Interference (Minor) at 11:00, Evander Kane (TOR) for Tripping (Minor) at 15:05

2nd period

6. Predators , Scott Laughton 10 (Jaden Schwartz 17, Justin Faulk 23) at 8:26

Penalties :
Andy Miele (Nas) for Hooking (Minor) at 0:57, Nicolas Kerdiles (Nas) for Hooking (Minor) at 16:11, Andre Burakovsky (TOR) for Slashing (Minor) at 19:41

3rd period

7. Predators , Mikael Granlund 18 (Claude Giroux 24, Justin Faulk 24) at 16:23 (PP)

Penalties :
Luke Schenn (TOR) for Holding (Minor) at 16:05

Goalie Stats

Kari Lehtonen (Nas), 21 saves from 23 shots - (0.913), W, 12-5-0, 60:00 minutes
Kristers Gudlevskis (TOR), 13 saves from 17 shots - (0.765), L, 17-6-3, 28:26 minutes
Pavel Francouz (TOR), 21 saves from 22 shots - (0.955), 31:34 minutes

Players Stats for Predators

Player Name              G  A  P  +/- PIM S  H  SB GA TA FO     MP     PP MP  PK MP  
------------------------------------------------------------------------------------
Alexander Ovechkin       0  0  0   0  0   3  2  0  0  1  0/0    15:45   2:30   0:23 
Andreas Englund          0  0  0   2  0   2  0  1  0  1  0/0    13:11   0:00   0:57 
Andy Miele               0  0  0   0  2   2  0  1  1  0  5/7    16:31   2:30   0:49 
Claude Giroux            1  1  2   0  0   6  2  1  0  1  1/2    22:35   3:45   0:42 
Jack Eichel              0  1  1   0  0   4  1  0  0  0  17/37  21:32   3:45   0:00 
Jaden Schwartz           0  2  2   1  0   2  1  0  1  1  4/6    14:59   0:00   2:53 
Joel Armia               0  1  1   1  0   1  1  0  0  0  0/0     6:41   0:00   0:00 
John Moore               0  0  0  -2  0   3  3  1  0  1  0/0    22:02   2:28   3:01 
Josh Morrissey           0  0  0   2  0   1  0  1  0  0  0/0    11:25   0:00   0:00 
Justin Faulk             0  2  2   2  0   0  0  0  2  1  0/0    26:33   3:47   0:57 
Mark Pysyk               0  0  0   1  0   0  1  1  0  0  2/2    14:59   0:00   2:53 
Markus Granlund          0  0  0   1  0   2  3  0  0  0  2/3     6:41   0:00   0:00 
Mikael Granlund          1  1  2   0  0   4  2  0  0  0  0/1    21:32   3:45   0:00 
Nicolas Kerdiles         1  0  1   1  2   1  0  0  0  0  1/1     7:21   0:00   0:16 
Reilly Smith             1  0  1   0  0   5  1  1  0  1  0/1    15:18   2:30   0:00 
Ryan Mcdonagh            0  1  1   1  0   0  2  1  1  3  0/0    29:46   3:47   3:01 
Scott Laughton           1  0  1   1  0   3  4  0  1  0  6/10   12:06   0:00   0:00 
Travis Dermott           0  0  0  -1  0   0  0  0  0  0  0/0    17:03   2:28   0:00 

Players Stats for Maple Leafs

Player Name              G  A  P  +/- PIM S  H  SB GA TA FO     MP     PP MP  PK MP  
------------------------------------------------------------------------------------
Aleksander Barkov        0  0  0   0  0   2  1  0  0  0  4/12   16:24   1:34   3:28 
Andre Burakovsky         1  0  1   0  2   4  2  0  1  0  0/1    20:58   2:24   0:00 
Ben Smith                0  0  0  -1  0   1  1  0  2  1  0/0    18:12   1:34   3:28 
Bo Horvat                0  1  1   0  0   1  5  1  1  0  17/34  22:51   2:24   1:41 
Brandon Saad             0  0  0   0  0   0  1  1  1  0  0/0    12:17   0:00   1:06 
Brenden Dillon           0  0  0  -1  2   2  0  0  0  0  0/0    15:55   0:00   1:28 
Elias Pettersson         1  0  1  -1  0   2  0  0  0  2  10/17  12:59   0:00   0:00 
Evander Kane             0  1  1  -1  2   1  1  1  1  0  0/0    15:11   1:34   0:36 
Haydn Fleury             0  0  0  -1  0   0  0  1  0  0  0/0    14:28   0:00   0:19 
Jason Zucker             0  0  0   0  0   6  2  0  0  0  1/1    21:21   2:24   0:30 
John Klingberg           0  0  0   1  0   1  1  0  1  1  0/0    23:45   2:54   3:38 
Jon Merrill              0  1  1  -1  0   1  2  1  1  0  0/0    25:15   1:04   3:38 
Luke Schenn              0  0  0   0  2   0  0  0  0  0  0/0    19:38   1:04   2:37 
Nicholas Baptiste        0  0  0  -1  0   0  0  0  0  0  0/0     6:40   0:00   0:00 
Patrice Cormier          0  0  0  -1  0   0  0  0  0  0  0/4     6:40   0:00   0:00 
Pontus Aberg             0  0  0   0  0   0  0  0  1  0  0/1    11:11   0:00   0:00 
Tye McGinn               0  0  0  -1  0   0  2  0  0  0  0/0     8:40   0:00   1:41 
Zach Werenski            0  0  0  -2  0   2  0  1  1  2  0/0    21:16   2:54   0:50 

3 Stars

1 - Claude Giroux (Nas)
2 - Scott Laughton (Nas)
3 - Mikael Granlund (Nas)

Power Play

Predators - 1 on 4 Attempt(s) - 25.00%
Maple Leafs - 0 on 2 Attempt(s) - 0.00%

Penalty Kill

Predators - 2 on 2 Attempt(s) - 100.00% - Score 0 goal in Penalty Kill
Maple Leafs - 3 on 4 Attempt(s) - 75.00% - Score 0 goal in Penalty Kill

Team Stat

Predators - Hits : 23 - Faceoff Wins : 38 - Blocked Shots : 8 - Penalty Minutes : 4
Maple Leafs - Hits : 18 - Faceoff Wins : 32 - Blocked Shots : 6 - Penalty Minutes : 8

Official

Referees : Jean Hebert and Wes McCauley
Linesman : Ryan Galloway and Matt MacPherson

Game Notes

Pavel Francouz enters game at 8:26 of 2nd period
19:34 of 2nd period - Predators goal is going for a video replay. After video review, No Goal. The puck has been directed, batted or thrown into the net by an attacking player other than with a stick.

Finance

Level 1 -- Attendance: 6000 (100.00%) -- Ticket Income $600,000
Level 2 -- Attendance: 5000 (100.00%) -- Ticket Income $300,000
Level 3 -- Attendance: 2000 (100.00%) -- Ticket Income $70,000
Level 4 -- Attendance: 4000 (100.00%) -- Ticket Income $100,000
Luxury Box -- Attendance: 911 (91.10%) -- Ticket Income $182,200
Game was played at the Scotiabank Arena.
Total Attendance: 17911 (99.51%)
Total Ticket Income: $1,252,200
Other Income: $187,830
Total Income: $1,440,030

Predators

5 vs 5 Forward 
   Center                   Left Wing                Right Wing               Time % Phy DF OF 
 1 Jack Eichel              Claude Giroux            Mikael Granlund          40     1   2  2  
 2 Andy Miele               Alexander Ovechkin       Reilly Smith             30     1   2  2  
 3 Scott Laughton           Jaden Schwartz           Mark Pysyk               20     1   2  2  
 4 Markus Granlund          Nicolas Kerdiles         Joel Armia               10     1   2  2  

5 vs 5 Defense 
   Defense                  Defense                                           Time % Phy DF OF 
 1 Ryan Mcdonagh            Justin Faulk                                      40     1   2  2  
 2 John Moore               Travis Dermott                                    30     1   2  2  
 3 Andreas Englund          Josh Morrissey                                    20     1   2  2  
 4 Ryan Mcdonagh            John Moore                                        10     1   2  2  

PowerPlay Forward 
   Center                   Left Wing                Right Wing               Time % Phy DF OF 
 1 Jack Eichel              Claude Giroux            Mikael Granlund          60     1   2  2  
 2 Andy Miele               Alexander Ovechkin       Reilly Smith             40     1   2  2  

PowerPlay Defense
   Defense                  Defense                                           Time % Phy DF OF 
 1 Ryan Mcdonagh            Justin Faulk                                      60     1   2  2  
 2 John Moore               Travis Dermott                                    40     1   2  2  

Penalty Kill 4 Players Forward 
   Center                   Wing                     Time % Phy DF OF 
 1 Jaden Schwartz           Mark Pysyk               60     1   2  2  
 2 Andy Miele               Claude Giroux            40     1   2  2  

Penalty Kill 4 Players Defense
   Defense                  Defense                  Time % Phy DF OF 
 1 Ryan Mcdonagh            John Moore               60     1   2  2  
 2 Andreas Englund          Justin Faulk             40     1   2  2  

Penalty Kill - 3 Players Forward 
   Forward                                           Time % Phy DF OF 
 1 Mark Pysyk                                        60     1   2  2  
 2 Jaden Schwartz                                    40     1   2  2  

Penalty Kill - 3 Players Defense
   Defense                  Defense                  Time % Phy DF OF 
 1 Ryan Mcdonagh            John Moore               60     1   2  2  
 2 Andreas Englund          Justin Faulk             40     1   2  2  

4 vs 4 Forward 
   Center                   Wing                     Time % Phy DF OF 
 1 Mikael Granlund          Claude Giroux            60     1   2  2  
 2 Jaden Schwartz           Alexander Ovechkin       40     1   2  2  

4 vs 4 Defense
   Defense                  Defense                  Time % Phy DF OF 
 1 Ryan Mcdonagh            John Moore               60     1   2  2  
 2 Justin Faulk             Josh Morrissey           40     1   2  2  

Last Minutes Offensive
   Center                   Left Wing                Right Wing               Defense                  Defense                  
   Jack Eichel              Claude Giroux            Mikael Granlund          Ryan Mcdonagh            John Moore               

Last Minutes Defensive
   Center                   Left Wing                Right Wing               Defense                  Defense                  
   Andy Miele               Jaden Schwartz           Mark Pysyk               Ryan Mcdonagh            John Moore               

Goaltenders
Starting : Kari Lehtonen            
Backup : Felix Sanstrom           

Extra Forwards
Normal : Jaden Schwartz, Nicolas Kerdiles, Scott Laughton - PP : Jaden Schwartz, Joel Armia - PK : Nicolas Kerdiles
Extra Defensemen
Normal : Andreas Englund, Travis Dermott, Justin Faulk - PP : Andreas Englund - PK : Travis Dermott, Justin Faulk
Penalty Shots
Claude Giroux, Alexander Ovechkin, Mikael Granlund, Jaden Schwartz, Reilly Smith
Custom OT Lines Forwards
Claude Giroux, Alexander Ovechkin, Mikael Granlund, Jaden Schwartz, Reilly Smith, Andy Miele, Jack Eichel, Mark Pysyk, Nicolas Kerdiles, Scott Laughton
Custom OT Lines Defensemen
Ryan Mcdonagh, John Moore, Justin Faulk, Josh Morrissey, Andreas Englund

Scratches
Michal Neuvirth (Healthy)

Maple Leafs

5 vs 5 Forward 
   Center                   Left Wing                Right Wing               Time % Phy DF OF 
 1 Bo Horvat                Jason Zucker             Andre Burakovsky         40     1   1  3  
 2 Elias Pettersson         Evander Kane             Ben Smith                30     1   2  2  
 3 Aleksander Barkov        Brandon Saad             Pontus Aberg             20     1   2  2  
 4 Patrice Cormier          Tye McGinn               Nicholas Baptiste        10     1   2  2  

5 vs 5 Defense 
   Defense                  Defense                                           Time % Phy DF OF 
 1 Jon Merrill              Zach Werenski                                     40     1   3  1  
 2 Luke Schenn              John Klingberg                                    30     1   3  1  
 3 Brenden Dillon           Haydn Fleury                                      20     1   3  1  
 4 Jon Merrill              John Klingberg                                    10     1   3  1  

PowerPlay Forward 
   Center                   Left Wing                Right Wing               Time % Phy DF OF 
 1 Bo Horvat                Jason Zucker             Andre Burakovsky         60     0   1  4  
 2 Aleksander Barkov        Evander Kane             Ben Smith                40     0   1  4  

PowerPlay Defense
   Defense                  Defense                                           Time % Phy DF OF 
 1 John Klingberg           Zach Werenski                                     60     0   2  3  
 2 Jon Merrill              Luke Schenn                                       40     0   2  3  

Penalty Kill 4 Players Forward 
   Center                   Wing                     Time % Phy DF OF 
 1 Aleksander Barkov        Ben Smith                60     1   3  1  
 2 Bo Horvat                Tye McGinn               40     1   3  1  

Penalty Kill 4 Players Defense
   Defense                  Defense                  Time % Phy DF OF 
 1 Jon Merrill              John Klingberg           60     1   4  0  
 2 Luke Schenn              Brenden Dillon           40     1   4  0  

Penalty Kill - 3 Players Forward 
   Forward                                           Time % Phy DF OF 
 1 Aleksander Barkov                                 60     1   3  1  
 2 Bo Horvat                                         40     1   3  1  

Penalty Kill - 3 Players Defense
   Defense                  Defense                  Time % Phy DF OF 
 1 Jon Merrill              John Klingberg           60     1   4  0  
 2 Luke Schenn              Brenden Dillon           40     1   4  0  

4 vs 4 Forward 
   Center                   Wing                     Time % Phy DF OF 
 1 Aleksander Barkov        Ben Smith                60     1   2  2  
 2 Bo Horvat                Tye McGinn               40     1   2  2  

4 vs 4 Defense
   Defense                  Defense                  Time % Phy DF OF 
 1 Jon Merrill              John Klingberg           60     1   3  1  
 2 Luke Schenn              Brenden Dillon           40     1   3  1  

Last Minutes Offensive
   Center                   Left Wing                Right Wing               Defense                  Defense                  
   Bo Horvat                Jason Zucker             Andre Burakovsky         John Klingberg           Zach Werenski            

Last Minutes Defensive
   Center                   Left Wing                Right Wing               Defense                  Defense                  
   Aleksander Barkov        Evander Kane             Ben Smith                Jon Merrill              Haydn Fleury             

Goaltenders
Starting : Kristers Gudlevskis      
Backup : Pavel Francouz           

Extra Forwards
Normal : Elias Pettersson, Ben Smith, Andre Burakovsky - PP : Elias Pettersson, Jason Zucker - PK : Brandon Saad
Extra Defensemen
Normal : Zach Werenski, Brenden Dillon, Luke Schenn - PP : Brenden Dillon - PK : Zach Werenski, Haydn Fleury
Penalty Shots
Andre Burakovsky, Elias Pettersson, Evander Kane, John Klingberg, Aleksander Barkov
Custom OT Lines Forwards
Aleksander Barkov, Bo Horvat, Evander Kane, Andre Burakovsky, Elias Pettersson, Jason Zucker, Ben Smith, Nicholas Baptiste, Tye McGinn, Brandon Saad
Custom OT Lines Defensemen
Jon Merrill, John Klingberg, Zach Werenski, Luke Schenn, Brenden Dillon

Scratches
Brett Pesce (Healthy), Valentin Zykov (Healthy)

% Time on Ice - Predators

Lines # - Real PCT - Wanted PCT - Time Play
Normal Forward
1 - 36% - 40% - 17:51
2 - 26% - 30% - 13:09
3 - 24% - 20% - 12:06
4 - 13% - 10% - 6:41
Normal Defense
1 - 42% - 40% - 21:04
2 - 31% - 30% - 15:24
3 - 23% - 20% - 11:25
4 - 4% - 10% - 1:54
PP Forward
1 - 60% - 60% - 3:45
2 - 40% - 40% - 2:30
PP Defense
1 - 61% - 60% - 3:47
2 - 39% - 40% - 2:28
PK Forward
1 - 82% - 60% - 3:16
2 - 18% - 40% - 0:42
PK Defense
1 - 76% - 60% - 3:01
2 - 24% - 40% - 0:57
PK3 Forward
1 - 0% - 60%
2 - 0% - 40%
PK3 Defense
1 - 0% - 60%
2 - 0% - 40%
44 Forward
1 - 0% - 60%
2 - 0% - 40%
44 Defense
1 - 0% - 60%
2 - 0% - 40%
Last Minute Offensive  - 0:00
Last Minute Defensive  - 0:00
Total
Forward - 60:00
Defense - 60:00

% Time on Ice - Maple Leafs

Lines # - Real PCT - Wanted PCT - Time Play
Normal Forward
1 - 37% - 40% - 18:35
2 - 27% - 30% - 13:21
3 - 22% - 20% - 11:11
4 - 13% - 10% - 6:40
Normal Defense
1 - 36% - 40% - 17:59
2 - 32% - 30% - 15:58
3 - 28% - 20% - 14:09
4 - 3% - 10% - 1:41
PP Forward
1 - 61% - 60% - 2:24
2 - 39% - 40% - 1:34
PP Defense
1 - 73% - 60% - 2:54
2 - 27% - 40% - 1:04
PK Forward
1 - 73% - 60% - 4:34
2 - 27% - 40% - 1:41
PK Defense
1 - 58% - 60% - 3:38
2 - 42% - 40% - 2:37
PK3 Forward
1 - 0% - 60%
2 - 0% - 40%
PK3 Defense
1 - 0% - 60%
2 - 0% - 40%
44 Forward
1 - 0% - 60%
2 - 0% - 40%
44 Defense
1 - 0% - 60%
2 - 0% - 40%
Last Minute Offensive  - 0:00
Last Minute Defensive  - 0:00
Total
Forward - 60:00
Defense - 60:00

Play-by-Play

1st period


0:01 of 1st period - Jason Zucker wins face-off versus Jack Eichel in neutral zone.
0:36 of 1st period - Snap shot by Evander Kane.
0:36 of 1st period - Stopped by Kari Lehtonen without a rebound.
0:37 of 1st period - Scott Laughton wins face-off versus Aleksander Barkov in Predators zone.
0:44 of 1st period - Luke Schenn is hit by John Moore and loses puck.
1:03 of 1st period - Tye McGinn is hit by John Moore and loses puck.
2:05 of 1st period - Brenden Dillon is hit by Joel Armia and loses puck.
2:28 of 1st period - Off-side.
2:29 of 1st period - Scott Laughton wins face-off versus Aleksander Barkov in neutral zone.
2:54 of 1st period - Snap shot by Pontus Aberg.
2:54 of 1st period - Deflect By Aleksander Barkov.
2:54 of 1st period - Shot Blocked by Josh Morrissey.
2:54 of 1st period - Puck is out of play.
2:55 of 1st period - Elias Pettersson wins face-off versus Jack Eichel in Predators zone.
3:24 of 1st period - Snap shot by Andre Burakovsky.
3:24 of 1st period - Stopped by Kari Lehtonen without a rebound.
3:25 of 1st period - Bo Horvat wins face-off versus Andy Miele in Predators zone.
4:43 of 1st period - Snap shot by Bo Horvat.
4:43 of 1st period - Shot Misses the Net.
4:51 of 1st period - Wrist shot by Jason Zucker.
4:51 of 1st period - Shot Misses the Net.
4:53 of 1st period - Backhand shot by Luke Schenn.
4:53 of 1st period - Shot Blocked by Andy Miele.
5:05 of 1st period - Travis Dermott is hit by Andre Burakovsky and loses puck.
5:20 of 1st period - Snap shot by Reilly Smith.
5:20 of 1st period - Stopped by Kristers Gudlevskis without a rebound.
5:21 of 1st period - Jack Eichel wins face-off versus Elias Pettersson in Maple Leafs zone.
6:08 of 1st period - Brandon Saad is hit by Markus Granlund and loses puck.
6:19 of 1st period - Snap shot by Joel Armia.
6:19 of 1st period - Stopped by Kristers Gudlevskis without a rebound.
6:20 of 1st period - Elias Pettersson wins face-off versus Jack Eichel in Maple Leafs zone.
6:27 of 1st period - Snap shot by Jack Eichel.
6:27 of 1st period - Shot Misses the Net.
6:29 of 1st period - Snap shot by Jack Eichel.
6:29 of 1st period - Shot Hit the Post.
6:48 of 1st period - Off-side.
6:49 of 1st period - Scott Laughton wins face-off versus Aleksander Barkov in neutral zone.
7:15 of 1st period - Ben Smith is hit by Claude Giroux and loses puck.
7:21 of 1st period - Off-side.
7:22 of 1st period - Jack Eichel wins face-off versus Elias Pettersson in neutral zone.
7:25 of 1st period - Elias Pettersson is hit by Jack Eichel and loses puck.
7:54 of 1st period - Slapshot by Claude Giroux.
7:54 of 1st period - Goal by Claude Giroux - Predators : 1 - Maple Leafs : 0.
7:55 of 1st period - Jack Eichel wins face-off versus Patrice Cormier in neutral zone.
8:20 of 1st period - Justin Faulk is hit by Bo Horvat and loses puck.
8:29 of 1st period - Snap shot by Joel Armia.
8:29 of 1st period - Deflect By Zach Werenski.
8:29 of 1st period - Shot Blocked by Zach Werenski.
8:29 of 1st period - Puck is out of play.
8:30 of 1st period - Jack Eichel wins face-off versus Aleksander Barkov in Maple Leafs zone.
8:39 of 1st period - Wrist shot by Jack Eichel.
8:39 of 1st period - Shot Misses the Net.
8:58 of 1st period - Off-side.
8:59 of 1st period - Andy Miele wins face-off versus Bo Horvat in neutral zone.
9:25 of 1st period - Justin Faulk is hit by Andre Burakovsky and loses puck.
9:38 of 1st period - Snap shot by Reilly Smith.
9:38 of 1st period - Goal by Reilly Smith - Predators : 2 - Maple Leafs : 0.
9:39 of 1st period - Elias Pettersson wins face-off versus Claude Giroux in neutral zone.
9:46 of 1st period - Backhand shot by Elias Pettersson.
9:46 of 1st period - Goal by Elias Pettersson - Predators : 2 - Maple Leafs : 1.
9:47 of 1st period - Elias Pettersson wins face-off versus Jack Eichel in neutral zone.
10:13 of 1st period - Ryan Mcdonagh is hit by Brandon Saad and loses puck.
11:00 of 1st period - Minor Penalty to Brenden Dillon for Interference.
11:01 of 1st period - Aleksander Barkov wins face-off versus Jack Eichel in Maple Leafs zone.
13:00 of 1st period - Penalty to Brenden Dillon is over, Brenden Dillon is back on ice.
13:02 of 1st period - Snap shot by Bo Horvat.
13:02 of 1st period - Shot Misses the Net.
13:08 of 1st period - Wrist shot by Mikael Granlund.
13:08 of 1st period - Stopped by Kristers Gudlevskis with a rebound.
13:10 of 1st period - Wrist shot by Jack Eichel.
13:10 of 1st period - Stopped by Kristers Gudlevskis with a rebound.
13:12 of 1st period - Wrist shot by Claude Giroux.
13:12 of 1st period - Shot Misses the Net.
13:16 of 1st period - Wrist shot by Jack Eichel.
13:16 of 1st period - Shot Misses the Net.
13:18 of 1st period - Snap shot by John Moore.
13:18 of 1st period - Stopped by Kristers Gudlevskis without a rebound.
13:19 of 1st period - Elias Pettersson wins face-off versus Scott Laughton in Maple Leafs zone.
13:34 of 1st period - Snap shot by Jaden Schwartz.
13:34 of 1st period - Shot Blocked by Haydn Fleury.
14:11 of 1st period - Snap shot by Jason Zucker.
14:11 of 1st period - Stopped by Kari Lehtonen without a rebound.
14:12 of 1st period - Bo Horvat wins face-off versus Scott Laughton in Predators zone.
14:21 of 1st period - Ryan Mcdonagh is hit by Jason Zucker and loses puck.
14:36 of 1st period - Reilly Smith is hit by Bo Horvat and loses puck.
14:46 of 1st period - Off-side.
14:47 of 1st period - Elias Pettersson wins face-off versus Jack Eichel in neutral zone.
14:54 of 1st period - Snap shot by Evander Kane.
14:54 of 1st period - Shot Misses the Net.
15:05 of 1st period - Minor Penalty to Evander Kane for Tripping.
15:06 of 1st period - Jack Eichel wins face-off versus Aleksander Barkov in Maple Leafs zone.
15:14 of 1st period - Wrist shot by Jack Eichel.
15:14 of 1st period - Stopped by Kristers Gudlevskis with a rebound.
15:32 of 1st period - Aleksander Barkov is hit by Alexander Ovechkin and loses puck.
16:05 of 1st period - Wrist shot by Tye McGinn.
16:05 of 1st period - Shot Misses the Net.
16:25 of 1st period - Reilly Smith is hit by Jason Zucker and loses puck.
17:05 of 1st period - Penalty to Evander Kane is over, Evander Kane is back on ice.
17:22 of 1st period - Wrist shot by Nicolas Kerdiles.
17:22 of 1st period - Goal by Nicolas Kerdiles - Predators : 3 - Maple Leafs : 1.
17:23 of 1st period - Scott Laughton wins face-off versus Bo Horvat in neutral zone.
17:28 of 1st period - Slapshot by Justin Faulk.
17:28 of 1st period - Deflect By Jaden Schwartz.
17:28 of 1st period - Deflect By Zach Werenski.
17:28 of 1st period - Stopped by Kristers Gudlevskis with a rebound.
17:38 of 1st period - Bo Horvat is hit by Scott Laughton and loses puck.
17:59 of 1st period - Off-side.
18:00 of 1st period - Bo Horvat wins face-off versus Andy Miele in neutral zone.
18:15 of 1st period - Wrist shot by Andre Burakovsky.
18:15 of 1st period - Goal by Andre Burakovsky - Predators : 3 - Maple Leafs : 2.
18:16 of 1st period - Bo Horvat wins face-off versus Jack Eichel in neutral zone.
18:42 of 1st period - Zach Werenski is hit by Reilly Smith and loses puck.
19:05 of 1st period - Aleksander Barkov is hit by Jaden Schwartz and loses puck.
19:48 of 1st period - Slapshot by Brenden Dillon.
19:48 of 1st period - Stopped by Kari Lehtonen with a rebound.
Goals for this period are 3 for Predators vs 2 for Maple Leafs.
Shots for this period are 10 for Predators vs 6 for Maple Leafs.

2nd period


0:01 of 2nd period - Jack Eichel wins face-off versus Bo Horvat in neutral zone.
0:10 of 2nd period - Off-side.
0:11 of 2nd period - Bo Horvat wins face-off versus Jack Eichel in neutral zone.
0:16 of 2nd period - Snap shot by Andre Burakovsky.
0:16 of 2nd period - Deflect By Jason Zucker.
0:16 of 2nd period - Stopped by Kari Lehtonen with a rebound.
0:18 of 2nd period - Slapshot by Jon Merrill.
0:18 of 2nd period - Stopped by Kari Lehtonen with a rebound.
0:20 of 2nd period - Snap shot by Bo Horvat.
0:20 of 2nd period - Shot Blocked by Ryan Mcdonagh.
0:22 of 2nd period - Snap shot by Andre Burakovsky.
0:22 of 2nd period - Stopped by Kari Lehtonen without a rebound.
0:23 of 2nd period - Jack Eichel wins face-off versus Elias Pettersson in Predators zone.
0:50 of 2nd period - Reilly Smith is hit by Bo Horvat.
0:57 of 2nd period - Minor Penalty to Andy Miele for Hooking.
0:58 of 2nd period - Jaden Schwartz wins face-off versus Bo Horvat in Predators zone.
1:08 of 2nd period - Slapshot by Zach Werenski.
1:08 of 2nd period - Shot Blocked by John Moore.
1:10 of 2nd period - Snap shot by Jason Zucker.
1:10 of 2nd period - Deflect By Jaden Schwartz.
1:10 of 2nd period - Shot Misses the Net.
1:10 of 2nd period - Puck is out of play.
1:11 of 2nd period - Jaden Schwartz wins face-off versus Bo Horvat in Predators zone.
1:20 of 2nd period - Slapshot by Zach Werenski.
1:20 of 2nd period - Stopped by Kari Lehtonen without a rebound.
1:21 of 2nd period - Bo Horvat wins face-off versus Jaden Schwartz in Predators zone.
1:26 of 2nd period - Slapshot by Zach Werenski.
1:26 of 2nd period - Shot Blocked by Mark Pysyk.
1:38 of 2nd period - Slapshot by Zach Werenski.
1:38 of 2nd period - Shot Misses the Net.
1:40 of 2nd period - Backhand shot by John Klingberg.
1:40 of 2nd period - Stopped by Kari Lehtonen without a rebound.
1:41 of 2nd period - Jaden Schwartz wins face-off versus Aleksander Barkov in Predators zone.
1:54 of 2nd period - Wrist shot by Evander Kane.
1:54 of 2nd period - Deflect By Ben Smith.
1:54 of 2nd period - Shot Misses the Net.
1:54 of 2nd period - Puck is out of play.
1:55 of 2nd period - Bo Horvat wins face-off versus Jaden Schwartz in Predators zone.
1:58 of 2nd period - Snap shot by Jason Zucker.
1:58 of 2nd period - Stopped by Kari Lehtonen without a rebound.
1:59 of 2nd period - Jaden Schwartz wins face-off versus Bo Horvat in Predators zone.
2:57 of 2nd period - Penalty to Andy Miele is over, Andy Miele is back on ice.
3:40 of 2nd period - Snap shot by Jack Eichel.
3:40 of 2nd period - Shot Blocked by Evander Kane.
3:42 of 2nd period - Wrist shot by Mikael Granlund.
3:42 of 2nd period - Shot Misses the Net.
4:52 of 2nd period - Wrist shot by Evander Kane.
4:52 of 2nd period - Shot Hit the Post.
5:13 of 2nd period - Tye McGinn is hit by Scott Laughton and loses puck.
5:24 of 2nd period - Justin Faulk is hit by Tye McGinn and loses puck.
5:45 of 2nd period - Slapshot by Jason Zucker.
5:45 of 2nd period - Stopped by Kari Lehtonen without a rebound.
5:46 of 2nd period - Nicolas Kerdiles wins face-off versus Elias Pettersson in Predators zone.
5:51 of 2nd period - Wrist shot by Markus Granlund.
5:51 of 2nd period - Stopped by Kristers Gudlevskis without a rebound.
5:52 of 2nd period - Elias Pettersson wins face-off versus Markus Granlund in Maple Leafs zone.
6:19 of 2nd period - Wrist shot by Andy Miele.
6:19 of 2nd period - Stopped by Kristers Gudlevskis with a rebound.
6:21 of 2nd period - Slapshot by Andreas Englund.
6:21 of 2nd period - Stopped by Kristers Gudlevskis without a rebound.
6:22 of 2nd period - Andy Miele wins face-off versus Bo Horvat in Maple Leafs zone.
6:23 of 2nd period - Slapshot by Alexander Ovechkin.
6:23 of 2nd period - Stopped by Kristers Gudlevskis with a rebound.
6:25 of 2nd period - Snap shot by Alexander Ovechkin.
6:25 of 2nd period - Stopped by Kristers Gudlevskis with a rebound.
6:27 of 2nd period - Wrist shot by Reilly Smith.
6:27 of 2nd period - Stopped by Kristers Gudlevskis without a rebound.
6:28 of 2nd period - Bo Horvat wins face-off versus Mikael Granlund in Maple Leafs zone.
6:28 of 2nd period - Bo Horvat is hit by Mikael Granlund.
7:20 of 2nd period - Snap shot by Zach Werenski.
7:20 of 2nd period - Stopped by Kari Lehtonen without a rebound.
7:21 of 2nd period - Jack Eichel wins face-off versus Pontus Aberg in Predators zone.
7:50 of 2nd period - Slapshot by John Klingberg.
7:50 of 2nd period - Shot Blocked by Reilly Smith.
8:10 of 2nd period - Snap shot by Elias Pettersson.
8:10 of 2nd period - Stopped by Kari Lehtonen without a rebound.
8:11 of 2nd period - Mark Pysyk wins face-off versus Elias Pettersson in Predators zone.
8:24 of 2nd period - Backhand shot by Jaden Schwartz.
8:24 of 2nd period - Shot Misses the Net.
8:26 of 2nd period - Snap shot by Scott Laughton.
8:26 of 2nd period - Goal by Scott Laughton - Predators : 4 - Maple Leafs : 2.
8:26 of 2nd period - Pavel Francouz enters game.
8:27 of 2nd period - Jack Eichel wins face-off versus Bo Horvat in neutral zone.
8:54 of 2nd period - Justin Faulk is hit by Jon Merrill and loses puck.
10:10 of 2nd period - Snap shot by Andre Burakovsky.
10:10 of 2nd period - Stopped by Kari Lehtonen with a rebound.
10:12 of 2nd period - Snap shot by Jason Zucker.
10:12 of 2nd period - Stopped by Kari Lehtonen with a rebound.
10:22 of 2nd period - Elias Pettersson is hit by Alexander Ovechkin and loses puck.
10:30 of 2nd period - Snap shot by Brenden Dillon.
10:30 of 2nd period - Stopped by Kari Lehtonen without a rebound.
10:31 of 2nd period - Claude Giroux wins face-off versus Bo Horvat in Predators zone.
10:31 of 2nd period - Claude Giroux is hit by Bo Horvat.
10:47 of 2nd period - Slapshot by Andre Burakovsky.
10:47 of 2nd period - Shot Misses the Net.
11:33 of 2nd period - Snap shot by Nicolas Kerdiles.
11:33 of 2nd period - Shot Blocked by Brandon Saad.
11:51 of 2nd period - Wrist shot by Aleksander Barkov.
11:51 of 2nd period - Stopped by Kari Lehtonen with a rebound.
12:09 of 2nd period - Snap shot by Jaden Schwartz.
12:09 of 2nd period - Shot Misses the Net.
13:24 of 2nd period - Brenden Dillon is hit by Mark Pysyk and loses puck.
13:55 of 2nd period - Backhand shot by Brandon Saad.
13:55 of 2nd period - Deflect By Aleksander Barkov.
13:55 of 2nd period - Shot Misses the Net.
13:55 of 2nd period - Puck is out of play.
13:56 of 2nd period - Bo Horvat wins face-off versus Jack Eichel in Predators zone.
14:08 of 2nd period - Off-side.
14:09 of 2nd period - Jack Eichel wins face-off versus Bo Horvat in neutral zone.
14:22 of 2nd period - Snap shot by Mikael Granlund.
14:22 of 2nd period - Stopped by Pavel Francouz without a rebound.
14:23 of 2nd period - Bo Horvat wins face-off versus Jack Eichel in Maple Leafs zone.
14:23 of 2nd period - Bo Horvat is hit by Ryan Mcdonagh.
14:28 of 2nd period - Off-side.
14:29 of 2nd period - Bo Horvat wins face-off versus Jack Eichel in neutral zone.
14:56 of 2nd period - Slapshot by Zach Werenski.
14:56 of 2nd period - Shot Misses the Net.
14:58 of 2nd period - Slapshot by Jon Merrill.
14:58 of 2nd period - Deflect By Elias Pettersson.
14:58 of 2nd period - Shot Misses the Net.
14:58 of 2nd period - Puck is out of play.
14:59 of 2nd period - Andy Miele wins face-off versus Elias Pettersson in Predators zone.
14:59 of 2nd period - Andy Miele is hit by John Klingberg.
15:44 of 2nd period - Ben Smith is hit by Ryan Mcdonagh and loses puck.
15:49 of 2nd period - Backhand shot by Andy Miele.
15:49 of 2nd period - Stopped by Pavel Francouz with a rebound.
15:51 of 2nd period - Wrist shot by Reilly Smith.
15:51 of 2nd period - Stopped by Pavel Francouz without a rebound.
15:52 of 2nd period - Bo Horvat wins face-off versus Jack Eichel in Maple Leafs zone.
15:52 of 2nd period - Bo Horvat is hit by Mikael Granlund.
16:02 of 2nd period - Wrist shot by Jason Zucker.
16:02 of 2nd period - Shot Misses the Net.
16:08 of 2nd period - Snap shot by Bo Horvat.
16:08 of 2nd period - Stopped by Kari Lehtonen without a rebound.
16:09 of 2nd period - Markus Granlund wins face-off versus Patrice Cormier in Predators zone.
16:11 of 2nd period - Minor Penalty to Nicolas Kerdiles for Hooking.
16:12 of 2nd period - Mark Pysyk wins face-off versus Bo Horvat in Predators zone.
16:48 of 2nd period - Off-side.
16:49 of 2nd period - Andy Miele wins face-off versus Bo Horvat in neutral zone.
18:11 of 2nd period - Penalty to Nicolas Kerdiles is over, Nicolas Kerdiles is back on ice.
18:26 of 2nd period - Josh Morrissey is hit by Jon Merrill and loses puck.
19:00 of 2nd period - Off-side.
19:01 of 2nd period - Markus Granlund wins face-off versus Patrice Cormier in neutral zone.
19:17 of 2nd period - Snap shot by Nicholas Baptiste.
19:17 of 2nd period - Shot Misses the Net.
19:25 of 2nd period - Nicholas Baptiste is hit by Markus Granlund and loses puck.
19:30 of 2nd period - Snap shot by Nicolas Kerdiles.
19:30 of 2nd period - Shot Misses the Net.
19:32 of 2nd period - Slapshot by Andreas Englund.
19:32 of 2nd period - Stopped by Pavel Francouz with a rebound.
19:34 of 2nd period - Slapshot by Markus Granlund.
19:34 of 2nd period - Predators goal is going for a video replay.
19:34 of 2nd period - The goal is refused. The puck has been directed, batted or thrown into the net by an attacking player other than with a stick..
19:35 of 2nd period - Jack Eichel wins face-off versus Bo Horvat in Maple Leafs zone.
19:38 of 2nd period - Snap shot by Claude Giroux.
19:38 of 2nd period - Stopped by Pavel Francouz without a rebound.
19:39 of 2nd period - Bo Horvat wins face-off versus Jack Eichel in Maple Leafs zone.
19:41 of 2nd period - Minor Penalty to Andre Burakovsky for Slashing.
19:42 of 2nd period - Aleksander Barkov wins face-off versus Jack Eichel in Maple Leafs zone.
Goals for this period are 1 for Predators vs 0 for Maple Leafs.
Shots for this period are 13 for Predators vs 14 for Maple Leafs.

3rd period


0:01 of 3rd period - Jack Eichel wins face-off versus Aleksander Barkov in neutral zone.
1:41 of 3rd period - Penalty to Andre Burakovsky is over, Andre Burakovsky is back on ice.
1:48 of 3rd period - Off-side.
1:49 of 3rd period - Bo Horvat wins face-off versus Scott Laughton in neutral zone.
3:09 of 3rd period - Snap shot by Reilly Smith.
3:09 of 3rd period - Stopped by Pavel Francouz without a rebound.
3:10 of 3rd period - Bo Horvat wins face-off versus Jack Eichel in Maple Leafs zone.
4:25 of 3rd period - Slapshot by Jaden Schwartz.
4:25 of 3rd period - Stopped by Pavel Francouz with a rebound.
5:54 of 3rd period - Slapshot by Travis Dermott.
5:54 of 3rd period - Deflect By Claude Giroux.
5:54 of 3rd period - Stopped by Pavel Francouz with a rebound.
5:56 of 3rd period - Slapshot by John Moore.
5:56 of 3rd period - Stopped by Pavel Francouz without a rebound.
5:57 of 3rd period - Elias Pettersson wins face-off versus Jack Eichel in Maple Leafs zone.
6:04 of 3rd period - Slapshot by Mikael Granlund.
6:04 of 3rd period - Stopped by Pavel Francouz with a rebound.
6:14 of 3rd period - Wrist shot by Claude Giroux.
6:14 of 3rd period - Stopped by Pavel Francouz without a rebound.
6:15 of 3rd period - Andy Miele wins face-off versus Bo Horvat in Maple Leafs zone.
6:26 of 3rd period - Snap shot by Reilly Smith.
6:26 of 3rd period - Shot Misses the Net.
6:28 of 3rd period - Slapshot by Ryan Mcdonagh.
6:28 of 3rd period - Shot Blocked by Jon Merrill.
6:30 of 3rd period - Wrist shot by Alexander Ovechkin.
6:30 of 3rd period - Stopped by Pavel Francouz without a rebound.
6:31 of 3rd period - Jack Eichel wins face-off versus Elias Pettersson in Maple Leafs zone.
7:22 of 3rd period - Scott Laughton is hit by Tye McGinn.
7:32 of 3rd period - Slapshot by Scott Laughton.
7:32 of 3rd period - Stopped by Pavel Francouz with a rebound.
7:56 of 3rd period - Aleksander Barkov is hit by Markus Granlund and loses puck.
8:15 of 3rd period - Wrist shot by Claude Giroux.
8:15 of 3rd period - Stopped by Pavel Francouz with a rebound.
9:08 of 3rd period - Snap shot by Elias Pettersson.
9:08 of 3rd period - Shot Misses the Net.
9:15 of 3rd period - Icing by Claude Giroux.
9:16 of 3rd period - Jack Eichel wins face-off versus Bo Horvat in Predators zone.
10:07 of 3rd period - Snap shot by Jaden Schwartz.
10:07 of 3rd period - Deflect By Scott Laughton.
10:07 of 3rd period - Shot Misses the Net.
10:07 of 3rd period - Puck is out of play.
10:08 of 3rd period - Scott Laughton wins face-off versus Patrice Cormier in Maple Leafs zone.
10:56 of 3rd period - Icing by Jaden Schwartz.
10:57 of 3rd period - Scott Laughton wins face-off versus Bo Horvat in Predators zone.
11:14 of 3rd period - Wrist shot by Jason Zucker.
11:14 of 3rd period - Stopped by Kari Lehtonen with a rebound.
11:20 of 3rd period - Jason Zucker is hit by Scott Laughton and loses puck.
12:07 of 3rd period - Snap shot by Mark Pysyk.
12:07 of 3rd period - Shot Blocked by Bo Horvat.
12:28 of 3rd period - Andre Burakovsky is hit by Scott Laughton and loses puck.
12:35 of 3rd period - Snap shot by Scott Laughton.
12:35 of 3rd period - Stopped by Pavel Francouz without a rebound.
12:36 of 3rd period - Elias Pettersson wins face-off versus Jack Eichel in Maple Leafs zone.
12:36 of 3rd period - Elias Pettersson is hit by Claude Giroux.
12:44 of 3rd period - Mikael Granlund is hit by Ben Smith and loses puck.
13:07 of 3rd period - John Moore is hit by Aleksander Barkov and loses puck.
13:32 of 3rd period - Nicholas Baptiste is hit by John Moore and loses puck.
13:53 of 3rd period - Snap shot by Evander Kane.
13:53 of 3rd period - Shot Blocked by Andreas Englund.
13:55 of 3rd period - Slapshot by Brenden Dillon.
13:55 of 3rd period - Shot Hit the Post.
14:05 of 3rd period - Backhand shot by Josh Morrissey.
14:05 of 3rd period - Stopped by Pavel Francouz without a rebound.
14:06 of 3rd period - Aleksander Barkov wins face-off versus Reilly Smith in Maple Leafs zone.
14:43 of 3rd period - Slapshot by Aleksander Barkov.
14:43 of 3rd period - Stopped by Kari Lehtonen without a rebound.
14:44 of 3rd period - Elias Pettersson wins face-off versus Jack Eichel in Predators zone.
14:55 of 3rd period - Slapshot by Jack Eichel.
14:55 of 3rd period - Stopped by Pavel Francouz with a rebound.
14:57 of 3rd period - Snap shot by Mikael Granlund.
14:57 of 3rd period - Shot Misses the Net.
14:59 of 3rd period - Wrist shot by John Moore.
14:59 of 3rd period - Stopped by Pavel Francouz without a rebound.
15:00 of 3rd period - Bo Horvat wins face-off versus Jack Eichel in Maple Leafs zone.
16:05 of 3rd period - Minor Penalty to Luke Schenn for Holding.
16:06 of 3rd period - Jack Eichel wins face-off versus Aleksander Barkov in Maple Leafs zone.
16:23 of 3rd period - Slapshot by Mikael Granlund.
16:23 of 3rd period - Goal by Mikael Granlund - Predators : 5 - Maple Leafs : 2.
16:24 of 3rd period - Jack Eichel wins face-off versus Bo Horvat in neutral zone.
16:57 of 3rd period - Ryan Mcdonagh is hit by Evander Kane and loses puck.
17:06 of 3rd period - Wrist shot by Evander Kane.
17:06 of 3rd period - Deflect By Ben Smith.
17:06 of 3rd period - Stopped by Kari Lehtonen with a rebound.
17:17 of 3rd period - Off-side.
17:18 of 3rd period - Aleksander Barkov wins face-off versus Scott Laughton in neutral zone.
17:21 of 3rd period - Slapshot by John Klingberg.
17:21 of 3rd period - Shot Misses the Net.
17:41 of 3rd period - Icing by Scott Laughton.
17:42 of 3rd period - Jack Eichel wins face-off versus Andre Burakovsky in Predators zone.
17:46 of 3rd period - Off-side.
17:47 of 3rd period - Bo Horvat wins face-off versus Jack Eichel in neutral zone.
18:13 of 3rd period - Justin Faulk is hit by Bo Horvat and loses puck.
18:26 of 3rd period - Snap shot by Jack Eichel.
18:26 of 3rd period - Stopped by Pavel Francouz with a rebound.
18:28 of 3rd period - Snap shot by Claude Giroux.
18:28 of 3rd period - Stopped by Pavel Francouz with a rebound.
19:42 of 3rd period - Snap shot by Jason Zucker.
19:42 of 3rd period - Shot Blocked by Claude Giroux.
Goals for this period are 1 for Predators vs 0 for Maple Leafs.
Shots for this period are 16 for Predators vs 3 for Maple Leafs. Output by the SimonT Hockey Simulator (STHS) for Francois Prevost - Original Page W3C HTML5 Valid
Hockey Simulator - Hockey Simulation - Hockey Manager